 Dungeon Sprint DCSS version 0.29-a0-468-ge57f7f99b4 (webtiles) character file.

Game seed: 14221662127281117041

261 mhtbhm the Cleaver (level 6, -5/61 HPs)
             Began as a Hill Orc Fighter on May 21, 2022.
             Slain by a human
             ... wielding a +0 hand axe
              (11 damage)
             ... in the Dungeon (Sprint III: "The Ten Rune Challenge").
             The game lasted 00:00:40 (398 turns).

mhtbhm the Cleaver (Hill Orc Fighter)                Turns: 398, Time: 00:00:40

Health: -5/61      AC:  8    Str: 21    XL:     6   Next: 18%
Magic:  6/6        EV: 10    Int:  8    God:
Gold:   19         SH:  5    Dex: 10    Spells: 5/5 levels left

rFire   . . .      SeeInvis .   a - +0 war axe
rCold   . . .      Faith    .   c - +0 buckler
rNeg    . . .      Spirit   .   b - +0 scale mail
rPois   .          Reflect  .   (no helmet)
rElec   .          Harm     .   (no cloak)
rCorr   .          Rampage  .   (no gloves)
Will    .....      NoTele   +   (no boots)
Stlth   ..........              (no amulet)
HPRegen 0.20/turn               (no ring)
MPRegen 0.10/turn               (no ring)

@: mighty
A: no striking features
a: no special abilities


You were in the Dungeon.
You visited 1 branch You collected 19 gold pieces.

Inventory:

Hand Weapons
 a - a +0 war axe (weapon)
Armour
 b - a +0 scale mail (worn)
 c - a +0 buckler (worn)
Scrolls
 i - 3 scrolls of poison {unknown}
 j - a scroll of blinking
 k - 2 scrolls of identify {unknown}
 m - a scroll of torment {unknown}
Potions
 e - 2 potions of curing
 f - a potion of heal wounds
 g - a potion of haste
 h - 2 potions of magic
 l - a potion of attraction {unknown}
 n - a potion of flight {unknown}
 o - 4 potions of mutation


   Skills:
 + Level 8.0 Fighting
 + Level 8.8 Axes
 + Level 7.6 Armour
 + Level 1.3 Dodging
 + Level 0.3 Stealth
 + Level 7.0 Shields


You had 5 spell levels left.
You didn't know any spells.
Your spell library contained the following spells:

 Spells                   Type           Power      Damage    Failure   Level
 Gell's Gravitas          Tloc           0%         N/A       99%         3
 Lesser Beckoning         Tloc           0%         N/A       99%         3
 Teleport Other           Tloc           0%         N/A       99%         3


Dungeon Overview and Level Annotations

Branches:
Dungeon (1/1)

Altars:
Okawaru
Trog
Uskayaw
Wu Jian
Beogh


Message History

Found a robe.
Found five altars.
Unknown command.
A human comes into view. It is wielding a +0 hand axe.
The human shouts!
The human drinks a potion.
The human seems to grow stronger.
There is an open door here.
You barely miss the human. The human barely misses you.
The human hits you with a +0 hand axe. The human hits you.
You closely miss the human. You barely miss the human. The human hits you.
The human hits you with a +0 hand axe.
You barely miss the human. You slash the human!
The human hits you with a +0 hand axe. The human hits you.
You slice the human!!
You kill the human!
You slash the human! The human hits you with a +0 hand axe.
Your Fighting skill gained 2 levels and is now at level 8!
Your Axes skill gained 2 levels and is now at level 8!
Your Armour skill increases to level 7!
Your Dodging skill increases to level 1!
Your Shields skill increases to level 7!
You have reached level 6!
You hit the human.
The human is heavily wounded.
The human closely misses you.
You hit the human.
The human is heavily wounded.
The human drinks a potion.
The human goes berserk!
You closely miss the human.
The human is heavily wounded.
The human hits you but does no damage. The human hits you with a +0 hand axe.
You slash the human!
The human is severely wounded.
The human hits you with a +0 hand axe!
* * * LOW HITPOINT WARNING * * *
The human hits you with a +0 hand axe!
* * * LOW HITPOINT WARNING * * *
You closely miss the human.
The human is severely wounded.
The human hits you with a +0 hand axe!
You die...

▓▓ ▓▓▓ .#### ##.# #####
....#####..# #___#
.†...#..#..# #p_.#
##...#..#..###+#@###+##
###..##'#..#..........#
.##..###...'.⌠........#
##.†####...#...######+#
##..###....#.⌠.#
#...##.....#...#
....#......#+###
..##.#.....# ..
####....#


You could see a human (berserk).

Vanquished Creatures
  A water elemental (D)
  A scorpion (D)
  2 humans (D)
  4 rats (D)
8 creatures vanquished.

Notes
Turn   | Place    | Note
-------+----------+-------------------------------------------
     0 | D        | mhtbhm the Hill Orc Fighter began the quest for the Orb.
     0 | D        | Reached XP level 1. HP: 19/19 MP: 1/1
    50 | D        | Noticed a scorpion
    54 | D        | Killed a scorpion
    55 | D        | Reached skill level 5 in Fighting
    55 | D        | Reached skill level 5 in Armour
    55 | D        | Reached skill level 5 in Shields
    55 | D        | Reached XP level 2. HP: 23/30 MP: 2/2
    55 | D        | Reached XP level 3. HP: 29/37 MP: 3/3
    55 | D        | Reached XP level 4. HP: 34/44 MP: 4/4
    58 | D        | Reached skill level 5 in Axes
   245 | D        | Noticed a water elemental
   255 | D        | Killed a water elemental
   256 | D        | Reached XP level 5. HP: 29/51 MP: 5/5
   388 | D        | Found a hide-covered altar of Uskayaw.
   388 | D        | Found a roughly hewn altar of Beogh.
   388 | D        | Found an iron altar of Okawaru.
   388 | D        | Found a bloodstained altar of Trog.
   388 | D        | Found an ornate altar of the Wu Jian Council.
   388 | D        | Noticed a human
   389 | D        | Noticed a human
   393 | D        | Killed a human
   394 | D        | Reached skill level 1 in Dodging
   394 | D        | Reached XP level 6. HP: 31/61 MP: 6/6
   398 | D        | Slain by a human

Illustrated notes

Levels and vault maps discovered:
D:        dungeon_sprint_mu [sprint_mu_entry_cave, sprint_mu_temple_rooms,
          sprint_mu_d1_spiders, sprint_mu_d2_genie, sprint_mu_d3_branching,
          sprint_mu_orc_legion, sprint_mu_elf_gauntlet, sprint_mu_hive_nellie,
          sprint_mu_lair_fedhas, sprint_mu_vaults_butterflies,
          sprint_mu_slime_circle, sprint_mu_shoals_kraken,
          sprint_mu_snake_twists, sprint_mu_blade_basic,
          sprint_mu_crypt_chambers, sprint_mu_tomb_spiral,
          sprint_mu_vestibule_basic, sprint_mu_gehenna_hellfire,
          sprint_mu_dis_giant, sprint_mu_tartarus_statrot,
          sprint_mu_cocytus_islands, sprint_mu_zot1]

Skill      XL: |  1  2  3  4  5 |
---------------+----------------+-----
Fighting       | 5 6 8 |  8.0
Axes           | 4 6 8 |  8.8
Armour         | 5 6 7 |  7.6
Shields        | 5 6 7 |  7.0
Dodging        | 1 |  1.3
Stealth        | |  0.3

Action                   |  1- 3 |  4- 6 || total
-------------------------+-------+-------++-------
Melee: War axe           |    12 |    19 ||    31
  Use: Potion            |     1 |     1 ||     2
Armor: Scale mail        |     3 |     4 ||     7
Dodge: Dodged            |     5 |     6 ||    11
Block: Buckler           |     2 |     2 ||     4

Table legend: (Time is in decaauts)
 A = Elapsed time spent in this place.
 B = Non-inter-level travel time spent in this place.
 C = Inter-level travel time spent in this place.
 D = Time resting spent in this place.
 E = Time spent auto-exploring this place.
 F = Levels seen in this place.
 G = Mean time per level.
                   A        B        C        D        E       F      G
               +--------+--------+--------+--------+--------+-----+--------+
         Total |    416 |    416 |      0 |    289 |     27 |   1 |  416.0 |
       Dungeon |    416 |    416 |      0 |    289 |     27 |   1 |  416.0 |
               +--------+--------+--------+--------+--------+-----+--------+

Top non-repeatable levels by time:
       D: 416 daAuts
